 Dungeon Crawl Stone Soup version 0.31-a0-1025-g2e47921a08 (webtiles) character file.

Game seed: 17326004793072852788

401 Anon1729 the Trooper (level 6, -1/57 HPs)
             Began as a Minotaur Monk on Nov 17, 2023.
             Slain by a sleepcap (2 damage)
             ... on level 4 of the Dungeon.
             The game lasted 00:01:40 (2849 turns).

Anon1729 the Trooper (Minotaur Monk)                Turns: 2849, Time: 00:01:41

Health: -1/57      AC:  2    Str: 16    XL:     6   Next: 54%
Magic:  5/5        EV: 14    Int:  7    God:
Gold:   146        SH:  0    Dex: 14    Spells: 5/5 levels left

rFire   . . .        a - +0 falchion
rCold   . . .        d - orb {light}
rNeg    . . .        b - +0 robe
rPois   +            (helmet restricted)
rElec   .            (no cloak)
rCorr   .            (no gloves)
SInv    .            (no boots)
Will    .....        (no amulet)
Stlth   +            q - ring of poison resistance
HPRegen 0.29/turn    (no ring)
MPRegen 0.09/turn

%: no passive effects
@: glowing
A: horns 2, retaliatory headbutt
a: no special abilities


You were on level 4 of the Dungeon.
You visited 1 branch of the dungeon, and saw 4 of its levels.

You collected 146 gold pieces.

Inventory:

Hand Weapons
 a - a +0 falchion (weapon)
Missiles
 j - 4 curare-tipped darts
Armour
 b - a +0 robe (worn)
 d - an orb of light (worn)
Jewellery
 q - a ring of poison resistance (left hand)
Scrolls
 f - a scroll of butterflies {unknown}
 i - a scroll of fog {unknown}
 k - a scroll of vulnerability {unknown}
 m - a scroll of silence {unknown}
 o - 3 scrolls of identify {unknown}
 p - a scroll of enchant armour {unknown}
 r - a scroll of noise {unknown}
Potions
 c - a potion of ambrosia
 e - a potion of enlightenment {unknown}
 g - a potion of heal wounds {unknown}
 h - a potion of attraction {unknown}
 l - 2 potions of lignification {unknown}
 n - a potion of resistance {unknown}


   Skills:
 + Level 6.0 Fighting
 + Level 5.9 Long Blades
 + Level 5.3 Dodging


You had 5 spell levels left.
You didn't know any spells.
Your spell library contained the following spells:

 Spells                   Type           Power      Damage    Failure   Level
 Chain Lightning          Conj/Air       0%         N/A       100%        9
 Fire Storm               Conj/Fire      0%         5d1       100%        9
 Shatter                  Erth           0%         3d5*      100%        9


Dungeon Overview and Level Annotations

Branches:
Dungeon (4/15)
 Temple: D:4-7

Altars:
Okawaru
Wu Jian

Shops:
D:2 (   D:3 :


Innate Abilities, Weirdness & Mutations

You have a pair of horns on your head.
You reflexively headbutt those who attack you in melee.


Message History

You are too injured to fight recklessly!
You are too injured to fight recklessly!
You are too injured to fight recklessly!
You are too injured to fight recklessly!
You are too injured to fight recklessly!
You are too injured to fight recklessly!
You are too injured to fight recklessly!
You are too injured to fight recklessly!
You are too injured to fight recklessly!
You are too injured to fight recklessly!
The ogre attacks as it pursues you! The ogre misses you.
The sleepcap attacks as it pursues you! The sleepcap completely misses you.
The sleepcap attacks as it pursues you! The sleepcap releases spores at you.
You hit the sleepcap.
You headbutt the sleepcap, but do no damage.
The sleepcap is moderately damaged.
The sleepcap releases spores at you.
You are engulfed in a cloud of soporific spores!
You fall asleep.
The ogre hits you with a +0 giant spiked club!
You wake up.
* * * LOW HITPOINT WARNING * * *
Unknown command.
Unknown command.
You hit the ogre. You headbutt the ogre.
The ogre is moderately wounded.
The ogre closely misses you.
You hit the ogre.
The ogre is heavily wounded.
You slash the ogre!
The ogre is almost dead.
The ogre hits you with a +0 giant spiked club!
* * * LOW HITPOINT WARNING * * *
You hit the ogre.
You kill the ogre!
Your Fighting skill increases to level 6!
You hit the sleepcap but do no damage.
The sleepcap is moderately damaged.
The sleepcap releases spores at you.
You die...

.............. #####..#.##.# ##
#######..#.##.. ..
######.#.....##.#### #.
#......#.##.#.....# #.
#.#.#..#.##.#.#.#.##
#.#####.#.#..#.##...#.#)#.
#.......f.#.##.######.#.#.
#...........#@#.##.####.#.#.#.
#....##########.....##.>...#.#.
##.. #.......#####.#...#.#. #.
#.####.###.(..#.#.#... #
#.#....# #.##.#...###. #.#.####
#.##.##..<... #...#
#.......####. ##### #########
#. ##


You could see a sleepcap.

Vanquished Creatures
  An ogre (D:4)
  A centaur (D:4)
  A phantom (D:4)
  An orc priest (D:4)
  An orc wizard (D:4)
  A gnoll (D:3)
  An adder (D:2)
  A worm (D:3)
  2 dart slugs
  8 orcs
  7 endoplasms
  2 giant cockroaches
  10 goblins
  8 hobgoblins
  4 jackals (D:1)
  4 quokkas
  10 ball pythons
  6 bats
  7 kobolds
  2 rats
78 creatures vanquished.

Notes
Turn   | Place    | Note
-------+----------+-------------------------------------------
     0 | D:1      | Anon1729 the Minotaur Monk began the quest for the Orb.
     0 | D:1      | Reached XP level 1. HP: 19/19 MP: 0/0
    83 | D:1      | Found a faded altar of an unknown god.
   107 | D:1      | Reached XP level 2. HP: 27/27 MP: 1/1
   129 | D:1      | Reached skill level 4 in Fighting
   522 | D:1      | Reached XP level 3. HP: 33/33 MP: 2/2
   900 | D:2      | Found an ornate altar of the Wu Jian Council.
  1172 | D:2      | Found Piavuf's Antique Weapon Boutique.
  1587 | D:3      | Found an iron altar of Okawaru.
  1595 | D:3      | Reached XP level 4. HP: 39/41 MP: 3/3
  1781 | D:3      | Found Piud's Vocational Training.
  2382 | D:4      | Reached skill level 5 in Fighting
  2386 | D:4      | Reached skill level 5 in Long Blades
  2386 | D:4      | Reached XP level 5. HP: 18/48 MP: 4/4
  2579 | D:4      | Noticed a centaur
  2590 | D:4      | HP: 1/48 [centaur (3)]
  2590 | D:4      | Killed a centaur
  2663 | D:4      | Noticed a phantom
  2673 | D:4      | Killed a phantom
  2674 | D:4      | Reached skill level 5 in Dodging
  2674 | D:4      | Reached XP level 6. HP: 19/57 MP: 5/5
  2847 | D:4      | HP: 1/57 [ogre/+0 giant spiked club (8)]
  2849 | D:4      | Reached skill level 6 in Fighting
  2849 | D:4      | Slain by a sleepcap

Illustrated notes

Levels and vault maps discovered:
D:1:      lightli_arrival_statuegarden, layout_loops_ring,
          hellmonk_ecumenical_altar_heavens_door, minmay_pentomino_p4
D:2:      layout_loops_ring, serial_shops, shop, basic_altar
D:3:      layout_loops_ring, okawaru_altar_gauntlet_db, nicolae_shop_vocational
D:4:      layout_basic, portal_sewer_entry_f

Skill      XL: |  1  2  3  4  5  6 |
---------------+-------------------+-----
Fighting       | 4 5 6 |  6.0
Long Blades    | 4 5 |  5.9
Dodging        | 4 5 |  5.3

Action                     |  1- 3 |  4- 6 || total
---------------------------+-------+-------++-------
  Melee: Falchion          |    82 |    84 ||   166
         Headbutt          |     9 |    14 ||    23
 Armour: Robe              |    44 |    54 ||    98
  Dodge: Dodged            |    63 |    70 ||   133

Table legend: (Time is in decaauts)
 A = Elapsed time spent in this place.
 B = Non-inter-level travel time spent in this place.
 C = Inter-level travel time spent in this place.
 D = Time resting spent in this place.
 E = Time spent auto-exploring this place.
 F = Levels seen in this place.
 G = Mean time per level.
                   A        B        C        D        E       F      G
               +--------+--------+--------+--------+--------+-----+--------+
         Total |   2860 |   2722 |    138 |     30 |   2217 |   4 |  715.0 |
       Dungeon |   2860 |   2722 |    138 |     30 |   2217 |   4 |  715.0 |
               +--------+--------+--------+--------+--------+-----+--------+

Top non-repeatable levels by time:
     D:1: 872 daAuts
     D:3: 812 daAuts
     D:2: 703 daAuts
     D:4: 473 daAuts
